 Dungeon Crawl Stone Soup version 0.20.1-1-g8b1a95d (webtiles) character file.

54 JeffiDaFish the Firebug (level 3, -3/20 HPs)
             Began as a Gargoyle Fire Elementalist on July 13, 2017.
             Slain by a worm (5 damage)
             ... on level 2 of the Dungeon.
             The game lasted 00:04:45 (1583 turns).

JeffiDaFish the Firebug (GrFE)                      Turns: 1583, Time: 00:04:46

Health: -3/20      AC:  6    Str: 11    XL:     3   Next: 91%
Magic:  1/6        EV: 11    Int: 15    God:
Gold:   80         SH:  0    Dex: 11    Spells: 3/6 levels left

rFire    . . .     SeeInvis .   e - +0 dagger
rCold    . . .     Gourm    .   (no shield)
rNeg     + . .     Faith    .   h - +0 leather armour
rPois    ∞         Spirit   .   (no helmet)
rElec    +         Reflect  .   (no cloak)
rCorr    .         Harm     .   (no gloves)
MR       .....                  (no boots)
Stlth    ++........             (no amulet)
Regen    0.1/turn               (no ring)
MPRegen  0.1/turn               (no ring)

@: very slightly contaminated
A: negative energy resistance 1, electricity resistance, unbreathing,
petrification resistance, rot immunity, AC +3
a: no special abilities


You were on level 2 of the Dungeon.
You were not hungry.

You visited 1 branch of the dungeon, and saw 2 of its levels.

You collected 80 gold pieces.

Inventory:

Hand Weapons
 e - a +0 dagger (weapon)
Armour
 h - a +0 leather armour (worn)
Scrolls
 a - a scroll of magic mapping
Potions
 f - a potion of might
Books
 b - a book of Flames

   Spells                             Type                      Level
   a - Flame Tongue                   Conjuration/Fire             1
   b - Throw Flame                    Conjuration/Fire             2
   c - Conjure Flame                  Conjuration/Fire             3
   d - Inner Flame                    Hexes/Fire                   3
   e - Sticky Flame                   Conjuration/Fire             4
   f - Fireball                       Conjuration/Fire             5
Comestibles
 c - 2 bread rations
 d - 4 fruits
 g - 4 chunks of flesh


   Skills:
 + Level 0.4 Fighting
 + Level 0.1 Short Blades
 + Level 1.8 Dodging
 + Level 2.2 Stealth
 + Level 2.3 Spellcasting
 + Level 1.5 Conjurations
 + Level 3.9 Fire Magic


You had 3 spell levels left.
You knew the following spells:

 Your Spells              Type           Power        Failure   Level  Hunger
a - Flame Tongue          Conj/Fire      ##...        9%          1    #......
b - Throw Flame           Conj/Fire      ##....       14%         2    ###....


Dungeon Overview and Level Annotations

Branches:
Dungeon (2/15)

Altars:


Innate Abilities, Weirdness & Mutations

You are resistant to torment.
Your stone body is resilient. (AC +3)
You are immune to poison.
You resist negative energy. (rN+)
You are resistant to electric shocks. (rElec)
You can survive without breathing.
You are immune to petrification.
You are immune to rotting.


Message History

You hit the worm.
The worm is severely wounded.
The worm barely misses you.
You hit the worm.
The worm is severely wounded.
The worm bites you.
You are too injured to fight recklessly!
You are too injured to fight recklessly!
You hit the worm.
The worm is severely wounded.
You hit the worm.
The worm is almost dead.
The worm bites you!
* * * LOW HITPOINT WARNING * * *
You barely miss the worm.
The worm is severely wounded.
You hit the worm.
The worm is almost dead.
The worm bites you.
You die...

#...........# ## #...........#
#. . #...........# ##### #.
..#...........# #...# ###.
..>...........###.#.#######.(.
..............(...............
.%...........(#..##.#####.#.#.
..........(.w(#...........#..<
...####(#####@..(...#####.###.
. #..# ####.##.......# #.
..... #......)....### ..
......w#...........# .##
#.......#...........# #.
........#.[...?.....# #
.........#...........#
S.......g.#...........######
#.................


You could see a worm.

Vanquished Creatures
  An adder (D:2)
  A worm (D:2)
  A dart slug (D:1)
  2 leopard geckos
  2 giant cockroaches (D:1)
  6 goblins
  2 hobgoblins (D:1)
  5 jackals
  A quokka (D:2)
  A ball python (D:1)
  3 bats
  3 frilled lizards (D:1)
  3 kobolds (D:1)
  7 rats
38 creatures vanquished.

Notes
Turn   | Place    | Note
-------+----------+-------------------------------------------
     0 | D:1      | JeffiDaFish the Gargoyle Fire Elementalist began the quest for the Orb.
     0 | D:1      | Reached XP level 1. HP: 10/10 MP: 3/3
   238 | D:1      | Reached XP level 2. HP: 15/15 MP: 0/5
   352 | D:1      | Learned a level 2 spell: Throw Flame
   770 | D:1      | Reached XP level 3. HP: 19/19 MP: 3/6
  1583 | D:2      | Slain by a worm

Action                   || total
-------------------------++-------
Melee: Unarmed           ||     6
       Dagger            ||    51
 Cast: Flame Tongue      ||    56
       Throw Flame       ||     5
  Use: Scroll            ||     4
       Potion            ||     3
 Stab: Sleeping          ||     3
  Eat: Chunk             ||     4
Armor: Robe              ||    27
       Leather armour    ||    24
Dodge: Dodged            ||    91
